 Dungeon Crawl Stone Soup version 0.30-a0-54-g2e61a25929 (webtiles) character file.

Game seed: 9586093182666438303

17 ytrimaz the Trooper (level 2, -2/24 HPs)
             Began as a Demonspawn Berserker on Sept 7, 2022.
             Was a Follower of Trog.
             Slain by a gnoll
             ... wielding a +0 flail
              (6 damage)
             ... on level 1 of the Dungeon.
             The game lasted 00:00:22 (296 turns).

ytrimaz the Trooper (Demonspawn Berserker)           Turns: 296, Time: 00:00:22

Health: -2/24      AC:  2    Str: 17    XL:     2   Next: 44%
Magic:  2/2        EV: 12    Int:  8    God:    Trog [*.....]
Gold:   21         SH:  0    Dex: 12    Spells: 1/1 levels left

rFire   . . .      SeeInvis .    a - +0 hand axe
rCold   . . .      Faith    .    (no shield)
rNeg    . . .      Spirit   .    b - +0 animal skin
rPois   .          Reflect  .    (no helmet)
rElec   .          Harm     .    (no cloak)
rCorr   .          Rampage  .    (no gloves)
Will    .....                    (no boots)
Stlth   +.........               (no amulet)
HPRegen 0.08/turn                (no ring)
MPRegen 0.08/turn                (no ring)

@: no status effects
A: demonic magic 1
a: Renounce Religion, Berserk


You were on level 1 of the Dungeon.
You worshipped Trog.
Trog was aware of your devotion.
You visited 1 branch of the dungeon, and saw 1 of its levels.

You collected 21 gold pieces.


Innate Abilities, Weirdness & Mutations

Spells you cast may paralyse adjacent enemies.


   Skills:
 + Level 3.4 Fighting
 + Level 3.1 Axes
 - Level 1.7 Armour
 - Level 1.7 Dodging


You had one spell level left.
You didn't know any spells.
Your spell library was empty.

Inventory:

Hand Weapons
 a - a +0 hand axe (weapon)
Armour
 b - a +0 animal skin (worn)
Scrolls
 d - a scroll of enchant armour {unknown}
 e - a scroll of identify {unknown}

Dungeon Overview and Level Annotations

Branches:
Dungeon (1/15) Zot: 5697

Altars:

P..........#######.#
..P.P..P...........#
P.....P.♣..#.###### .
...........#.# ..
...<...PP..#.# ...
.........♣.#.##### ...
P.....P....#.....# ..
..P.P..P..♣#####.#.###.#
♣.......♣..# #@g...)!#
..P..♣....## #†...#?$.
.P..♣.P♣.## #....#
.♣.P..P.†# #....#
......##.# .......
..........# .....###
....#####.# ...?#. ....#
.# #....#.# ....# ..


You could see a gnoll.


Message History

You hit the dart slug. The dart slug bites you. 😕 HP[-1]
You take 1 damage, and now have 16/18 hp.
You hit the dart slug but do no damage. You hit the dart slug.
You kill the dart slug!
Trog accepts your kill.
Your Axes skill increases to level 3!
You have reached level 2!
Your demonic ancestry asserts itself...
A menacing aura infuses your magic. 😕 HP[+6] MP[+1]
You now have 24 max hp (+6).
You regained 6 hp, and now have 22/24 hp.
Your mp is fully restored (2).
Found a stone staircase leading down.
You see here a dart slug corpse. 😎 HP[+2]
Your hp is fully restored (24).
Unknown command.
Key pressed, stopping explore.
A hobgoblin comes into view.
The hobgoblin shouts!
A ball python comes into view.
A rat comes into view.
A jackal, an endoplasm, a hobgoblin and a quokka come into view.
The jackal moves out of view.
The hobgoblin shouts!
You hear a bark!
The ball python hisses angrily.
You hear a shout!
You hit the hobgoblin. You hit the endoplasm. The hobgoblin barely misses you.
The endoplasm hits you. 😕 HP[-2]
You take 2 damage, and now have 22/24 hp.
Unknown command.
You hit the endoplasm.
You kill the endoplasm!
Trog accepts your kill.
You hit the hobgoblin.
The hobgoblin hits you but does no damage.
The ball python barely misses you. x2
You hit the ball python.
You kill the ball python!
Trog accepts your kill.
You hit the hobgoblin.
You kill the hobgoblin!
Trog accepts your kill.
You fail to use your ability.
The jackal bites you.
A gnoll comes into view. It is wielding a +0 flail.
The hobgoblin hits you but does no damage.
The rat misses you.
You hit the jackal. You closely miss the rat. You closely miss the hobgoblin.
The jackal stops to sniff the ground.
The jackal closely misses you. The hobgoblin hits you. The rat bites you.
The jackal completely misses you. 😮 HP[-4]
You take 4 damage, and now have 18/24 hp.
You closely miss the jackal. You hit the rat.
You hit the hobgoblin but do no damage. The jackal barely misses you.
The hobgoblin hits you but does no damage.
The rat bites you. 😮 HP[-2]
You take 2 damage, and now have 16/24 hp.
Unknown command.
You closely miss the jackal. You hit the rat.
You kill the rat!
Trog accepts your kill.
You hit the hobgoblin. The jackal misses you. The hobgoblin hits you.
* * * LOW HITPOINT WARNING * * *
The jackal misses you. The hobgoblin hits you.
* * * LOW HITPOINT WARNING * * *
😨 HP[-8]
You take 8 damage, and now have 8/24 hp.
MASSIVE DAMAGE!! (PAUSE)
You hit the hobgoblin.
You kill the hobgoblin!
Trog accepts your kill.
You barely miss the jackal. The jackal closely misses you. x2
The quokka bites you but does no damage.
Unknown command.
You closely miss the quokka. You closely miss the jackal.
The jackal barely misses you. The quokka barely misses you. 😨 HP[+1]
You hit the quokka.
You kill the quokka!
Trog accepts your kill.
You hit the jackal.
You kill the jackal!
Trog accepts your kill.
Unknown command.
You hit the gnoll. The gnoll hits you with a +0 flail.
* * * LOW HITPOINT WARNING * * *
😱 HP[-3]
You take 3 damage, and now have 6/24 hp.
You hit the gnoll. The gnoll hits you with a +0 flail.
* * * LOW HITPOINT WARNING * * *
😱 HP[-2]
You take 2 damage, and now have 4/24 hp.
Unknown command.
You hit the gnoll. The gnoll hits you with a +0 flail.
You die...

Skill      XL: |  1 |
---------------+----+-----
Axes           | 3 |  3.1
Fighting       | |  3.4
Armour         | |  1.7
Dodging        | |  1.7

Action                   || total
-------------------------++-------
Melee: Hand axe          ||    29
  Use: Scroll            ||     1
Armor: Animal skin       ||     8
Dodge: Dodged            ||    18

Levels and vault maps discovered:
D:1:      wander_arrival_fairy_ring, layout_basic, minmay_tromino_i4

Notes
Turn   | Place    | Note
-------+----------+-------------------------------------------
     0 | D:1      | ytrimaz the Demonspawn Berserker began the quest for the
                  | Orb.
     0 | D:1      | Reached XP level 1. HP: 18/18 MP: 1/1
     0 | D:1      | magus.rc [v1.9.6]
   206 | D:1      | Reached skill level 3 in Axes
   206 | D:1      | Gained mutation: Spells you cast may paralyse adjacent
                  | enemies. [demonic ancestry]
   206 | D:1      | Reached XP level 2. HP: 22/24 MP: 2/2
   294 | D:1      | HP: 6/24 [gnoll/+0 flail (3)]
   296 | D:1      | Slain by a gnoll

Vanquished Creatures
  A dart slug (D:1)
  An endoplasm (D:1)
  4 hobgoblins (D:1)
  A jackal (D:1)
  A quokka (D:1)
  3 ball pythons (D:1)
  A goblin (D:1)
  2 rats (D:1)
14 creatures vanquished.

Vanquished Creatures (others)
  A plant (D:1)
1 creature vanquished.

Grand Total: 15 creatures vanquished

Table legend:
 A = Non-vault XP
 B = Vault XP
 C = Vault XP percentage of total XP
 D = Non-vault monster count
 E = Vault monster count
 F = Vault count percentage of total count
                 A         B        C        D         E       F
            +---------+---------+-------+---------+---------+-------
      Total |      17 |       8 |  32.0 |      10 |       4 |  28.6
            +---------+---------+-------+---------+---------+-------
        D:1 |      17 |       8 |  32.0 |      10 |       4 |  28.6
            +---------+---------+-------+---------+---------+-------

Illustrated notes

Table legend:
 A = Kills in this place as a percentage of kills in entire the game.
 B = Kills by you in this place as a percentage of kills by you in the entire game.
 C = Kills by friends in this place as a percentage of kills by friends in the entire game.
 D = Other kills in this place as a percentage of other kills in the entire game.
 E = Experience gained in this place as a percentage of experience gained in the entire game.
 F = Experience gained in this place divided by the number of levels of this place that you have seen.
                   A       B       C       D       E      F
               +-------+-------+-------+-------+-------+----------------------
         Total | 100.0 | 100.0 |   N/A |   N/A | 100.0 |  25.0
       Dungeon | 100.0 | 100.0 |   N/A |   N/A | 100.0 |  25.0
               +-------+-------+-------+-------+-------+----------------------

Table legend: (Time is in decaauts)
 A = Elapsed time spent in this place.
 B = Non-inter-level travel time spent in this place.
 C = Inter-level travel time spent in this place.
 D = Time resting spent in this place.
 E = Time spent auto-exploring this place.
 F = Levels seen in this place.
 G = Mean time per level.
                   A        B        C        D        E       F      G
               +--------+--------+--------+--------+--------+-----+--------+
         Total |    300 |    300 |      0 |      0 |    240 |   1 |  300.0 |
       Dungeon |    300 |    300 |      0 |      0 |    240 |   1 |  300.0 |
               +--------+--------+--------+--------+--------+-----+--------+

Top non-repeatable levels by time:
     D:1: 300 daAuts
